 Dungeon Crawl Stone Soup version 0.23.0 (webtiles) character file.

Game seed: 9803705791106492444

320 Gargoyl the Skirmisher (level 6, -5/56 HPs)
             Began as a Centaur Abyssal Knight on Feb 19, 2019.
             Was a Follower of Lugonu.
             Slain by a raiju (8 damage)
             ... on level 2 of the Abyss.
             The game lasted 00:00:48 (56 turns).

Gargoyl the Skirmisher (Centaur Abyssal Knight)       Turns: 56, Time: 00:00:50

Health: -5/56      AC:  4    Str: 15    XL:     6   Next: 22%
Magic:  5/8        EV:  9    Int: 11    God:    Lugonu [*.....]
Gold:   23         SH:  0    Dex: 10    Spells: 5/5 levels left

rFire    . . .     SeeInvis .   a - +1 hand axe
rCold    . . .     Gourm    .   (no shield)
rNeg     . . .     Faith    .   b - +0 leather armour
rPois    .         Spirit   .   (no helmet)
rElec    .         Reflect  .   (no cloak)
rCorr    .         Harm     .   (no gloves)
MR       .....     Rnd*Rage +   (no barding) Stlth ..........Rnd*Tele +
                                (no amulet)
HPRegen  0.18/turn              (no ring)
MPRegen  0.11/turn              (no ring)

@: very quick
A: large, hooves 3, berserk 1, deformed body, speed 2, teleportitis 1, tough
skin 3
a: Depart the Abyss, Renounce Religion


You were on level 2 of the Abyss.
You worshipped Lugonu.
Lugonu was aware of your devotion.
You were not hungry.

You visited 0 branches of the dungeon, and saw 0 of its levels.
You visited the Abyss 1 time.

You collected 23 gold pieces.

Inventory:

Hand Weapons
 a - a +1 hand axe (weapon)
Armour
 b - a +0 leather armour (worn)
Wands
 d - a wand of clouds (2)
Comestibles
 c - a ration


   Skills:
 + Level 5.6 Fighting
 + Level 2.9 Axes
 + Level 2.2 Armour
 + Level 1.0 Dodging
 + Level 2.9 Invocations
 + Level 0.1 Evocations


You had 5 spell levels left.
You didn't know any spells.
Your spell library was empty.

Dungeon Overview and Level Annotations

Branches:
Dungeon (0/15)

Altars:


Innate Abilities, Weirdness & Mutations

You have hooves in place of feet.
Armour fits poorly on your strangely shaped body.
You cover ground very quickly.
You have extremely tough skin. (AC +3)
You tend to lose your temper in combat.
You are occasionally teleported next to monsters.


Message History

Unknown command.
You hit the raiju.
The raiju is heavily wounded.
You closely miss the raiju. The raiju bites you!
* * * LOW HITPOINT WARNING * * *
The raiju shocks you!
* * * LOW HITPOINT WARNING * * *
The raiju is engulfed in freezing vapours.
You kill the raiju!
Your Fighting skill increases to level 5!
Your Dodging skill increases to level 1!
You have reached level 5!
You have reached level 6!
Your experience leads to an increase in your attributes!
Increase (S)trength, (I)ntelligence, or (D)exterity?
You feel agile. The raiju bites you but does no damage. The raiju bites you.
* * * LOW HITPOINT WARNING * * *
The raiju shocks you!
You die...

.. . ... . ....
..... ... ..
....# .# #..
.##..###..# .#
#..##h.°.....
.... ##
#.§§..°#... #.
...#.#####○§☼☼.##
#. .# .
.#.°☼.§..# .....
.##.#..∩.@#.... .
...#...#
.#..##.hh......
#... #.#
.#.......##..#
#...
.#.##....#...# .#
#. ...
#..#.......# # .
.....#.#.#..#....
#..### #....###
####. ....
........ ..# . ..
.......# ..


You could see 3 raiju.

Vanquished Creatures
  A raiju (Abyss:2)
  A neqoxec (Abyss:2)
2 creatures vanquished.

Notes
Turn   | Place    | Note
-------+----------+-------------------------------------------
     0 | Abyss:1  | Gargoyl the Centaur Abyssal Knight began the quest for the
                  | Orb.
     0 | Abyss:1  | Reached XP level 1. HP: 19/19 MP: 2/2
    37 | Abyss:2  | Noticed a neqoxec
    41 | Abyss:2  | Gained mutation: You are occasionally teleported next to
                  | monsters. [a neqoxec]
    42 | Abyss:2  | Gained mutation: You tend to lose your temper in combat. [a
                  | neqoxec]
    43 | Abyss:2  | Killed a neqoxec
    43 | Abyss:2  | Reached skill level 4 in Fighting
    43 | Abyss:2  | Reached XP level 2. HP: 28/28 MP: 3/3
    43 | Abyss:2  | Reached XP level 3. HP: 34/34 MP: 4/4
    43 | Abyss:2  | Reached XP level 4. HP: 41/41 MP: 5/5
    46 | Abyss:2  | Noticed a raiju
    48 | Abyss:2  | Noticed a raiju
    49 | Abyss:2  | Noticed a raiju
    52 | Abyss:2  | Noticed a raiju
    56 | Abyss:2  | Killed a raiju
    56 | Abyss:2  | Reached skill level 5 in Fighting
    56 | Abyss:2  | Reached skill level 1 in Dodging
    56 | Abyss:2  | Reached XP level 5. HP: 5/49 MP: 5/7
    56 | Abyss:2  | Reached XP level 6. HP: 6/56 MP: 5/8
    56 | Abyss:2  | Slain by a raiju

Skill      XL: |  1  2  3  4 |
---------------+-------------+-----
Fighting       | 4 5 |  5.6
Axes           | 2 |  2.9
Armour         | 2 |  2.2
Dodging        | 1 |  1.0
Invocations    | |  2.9
Evocations     | |  0.1

Action                   |  1- 3 |  4- 6 || total
-------------------------+-------+-------++-------
Melee: Hand axe          |       |     5 ||     5
       Kick              |       |     1 ||     1
Evoke: Wand              |     1 |     1 ||     2
Armor: Leather armour    |       |     2 ||     2
Dodge: Dodged            |       |     7 ||     7
